AoeStats
← Leão

Arabia

505344706Analyzed
1v1 RM · 23d ago on Sep 9, 2026· 23m 34s· 2 players
Game mode
Random Map
Map size
Tiny (2 player)
Population
200
Speed
Normal
Resources
Standard
Victory
Conquest
Starting age
Dark Age
Ending age
Imperial Age
RankedLock teamsTeams togetherTeam positionsShared explorationLock speedFull tech treeHidden civsTurbo modeCheats
Victory
Defeat
🇩🇪 Mongols · Germany
1312
+14
🇧🇷 Magyars · Brazil
1278
-14
Leão
7:06 Loom
9:31 Feudal Age
10:32 Double-Bit Axe
22:11 Castle Age
20:22 Gold Mining
20:16 Horse Collar
21:34 Bloodlines
21:57 Scale Barding Armor
22:12 Fletching
22:22 Padded Archer Armor
C4kr
8:23 Feudal Age
6:40 Loom
8:49 Double-Bit Axe
19:22 Castle Age
17:43 Gold Mining
18:05 Fletching
18:05 Horse Collar
19:24 Bloodlines
20:13 Bow Saw
20:03 Bodkin Arrow
20:28 Husbandry
21:54 Bloodlines
Connection lost

Rejoining the realm…

Still unreachable

The connection could not be restored.

Session expired

The server has moved on; the page needs a fresh start.